 Dungeon Crawl Stone Soup version 0.29-a0-294-g83ea962da3 (webtiles) character file.

Game seed: 2014067579284033624

989 Armakuni the Skirmisher (level 8, 0/63 HPs)
             Began as a Human Wanderer on Mar 18, 2022.
             Was an Initiate of Elyvilon.
             Slain by a gnoll
             ... wielding a +0 halberd
              (7 damage)
             ... on level 5 of the Dungeon.
             The game lasted 00:10:13 (5694 turns).

Armakuni the Skirmisher (Human Wanderer)            Turns: 5694, Time: 00:10:13

Health: 0/63       AC:  9    Str: 15    XL:     8   Next: 41%
Magic:  8/8        EV: 11    Int: 11    God:    Elyvilon [......]
Gold:   178        SH:  5    Dex: 14    Spells: 7/7 levels left

rFire   . . .      SeeInvis .   a - +2 mace
rCold   . . .      Faith    .   (no shield)
rNeg    . . .      Spirit   .   f - +0 ring mail
rPois   +          Reflect  +   c - +1 helmet
rElec   .          Harm     .   h - +0 cloak
rCorr   .          Rampage  .   (no gloves)
Will    .....                   (no boots)
Stlth   +.........              H - amulet of reflection
HPRegen 0.20/turn               P - ring of poison resistance
MPRegen 0.11/turn               (no ring)

@: no status effects
A: no striking features
a: Renounce Religion


You were on level 5 of the Dungeon.
You worshipped Elyvilon.
Elyvilon was noncommittal.
You visited 2 branches of the dungeon, and saw 7 of its levels.

You collected 178 gold pieces.

Inventory:

Hand Weapons
 a - a +2 mace (weapon)
 b - a +0 quarterstaff
Armour
 c - a +1 helmet (worn)
 f - a +0 ring mail (worn)
 h - a +0 cloak (worn)
Jewellery
 H - an amulet of reflection (around neck)
 P - a ring of poison resistance (left hand)
Wands
 i - a wand of polymorph (7)
 p - a wand of paralysis (5)
 v - a wand of flame (26)
Scrolls
 e - a scroll of enchant armour
 k - a scroll of silence
 u - a scroll of amnesia
Potions
 d - a potion of lignification
 g - a potion of mutation
 j - 5 potions of curing
 l - a potion of resistance {unknown}
 n - a potion of might
 o - a potion of heal wounds {unknown}
 q - 2 potions of brilliance {unknown}
 r - a potion of ambrosia {unknown}
 s - a potion of flight {unknown}


   Skills:
 + Level 5.6 Fighting
 - Level 5.0 Maces & Flails
 - Level 5.0 Armour
 - Level 3.0 Dodging
 - Level 1.0 Unarmed Combat
 + Level 4.0 Evocations


You had 7 spell levels left.
You didn't know any spells.
Your spell library contained the following spells:

 Spells                   Type           Power      Damage    Failure   Level
 Sandblast                Erth           0%         2d4       54%         1
 Corpse Rot               Necr/Air       0%         N/A       69%         2
 Passwall                 Tmut/Erth      0%         N/A       69%         2
 Poisonous Vapours        Pois/Air       0%         N/A       69%         2
 Stone Arrow              Conj/Erth      0%         3d7       89%         3
 Tukima's Dance           Hex            0%         N/A       89%         3
 Passage of Golubria      Tloc           0%         N/A       100%        4
 Summon Forest            Summ/Tloc      0%         N/A       100%        5
 Yara's Violent Unravell  Hex/Tmut       0%         3d3       100%        5
 Eringya's Noxious Bog    Tmut/Pois      0%         N/A       100%        6
 Summon Hydra             Summ           0%         N/A       100%        7


Dungeon Overview and Level Annotations

Branches:
Dungeon (6/15)             Temple (1/1) D:5

Altars:
Ashenzari
Cheibriados
Dithmenos
Elyvilon
Fedhas
Gozag
Hepliaklqana
Makhleb
Nemelex Xobeh
Okawaru
Ru
Sif Muna
Trog
Uskayaw
Vehumet
Wu Jian
Xom
Yredelemnul
Zin
The Shining One

Shops:
D:4 *

Annotations:
D:4 2 runed translucent doors, Ajdolov's ghost, amateur OgFE


Message History

You hit the gnoll shaman.
The gnoll shaman is heavily wounded.
The gnoll hits you with a +0 halberd!
The gnoll shaman hits you with a +0 club.
You hit the gnoll shaman but do no damage.
The gnoll shaman is heavily wounded.
The gnoll barely misses you.
The gnoll shaman hits you with a +0 club.
You completely miss the gnoll shaman.
The gnoll shaman is heavily wounded.
The gnoll hits you with a +0 halberd.
The gnoll shaman hits you with a +0 club.
You are too injured to fight recklessly!
You sock the gnoll shaman!
The gnoll shaman is almost dead.
The gnoll hits you with a +0 halberd.
The gnoll shaman hits you with a +0 club.
* * * LOW HITPOINT WARNING * * *
You closely miss the gnoll shaman.
The gnoll shaman is almost dead.
The gnoll closely misses you.
The gnoll shaman hits you with a +0 club.
* * * LOW HITPOINT WARNING * * *
You block the gnoll's attack.
The gnoll shaman prays to its god.
The gnoll shaman is healed somewhat.
You hit the gnoll shaman.
You punch the gnoll shaman, but do no damage.
The gnoll shaman is severely wounded.
The gnoll shaman prays to its god.
The gnoll shaman is healed somewhat.
You block the gnoll's attack.
You hit the gnoll shaman.
The gnoll shaman is heavily wounded.
The gnoll closely misses you.
The gnoll shaman hits you with a +0 club.
* * * LOW HITPOINT WARNING * * *
You barely miss the gnoll shaman.
The gnoll shaman is heavily wounded.
The gnoll hits you with a +0 halberd!
You die...

##.....##..#.......#######'######
.##'#####..##'#..................
..............#..................
..............#..................
..............#..................
####'#######'##..................
.................................
...............###'#############.
...............#@g..# #.
...............#g...# ##
...............#....#
'#####'#########....#
..............#######
..............# ..............#
..............# ..............#


You could see a gnoll shaman and a gnoll.

Vanquished Creatures
  A black bear (D:5)
  2 ogres
  A bullfrog (D:5)
  A necrophage (D:2)
  2 orc priests (D:4)
  6 hounds
  A jelly (D:5)
  2 iguanas (D:5)
  4 orc wizards
  4 gnolls
  4 adders
  A white imp (D:5)
  An ufetubus (D:4)
  3 worms
  A dart slug (D:1)
  12 orcs
  7 ball pythons
  5 endoplasms
  4 giant cockroaches
  2 goblins
  7 hobgoblins
  8 jackals
  A quokka (D:4)
  2 bats (D:1)
  4 frilled lizards
  2 kobolds (D:1)
  6 rats
94 creatures vanquished.

Vanquished Creatures (others)
  A shadow imp (D:5)
  3 orcs (D:5)
4 creatures vanquished.

Grand Total: 98 creatures vanquished

Notes
Turn   | Place    | Note
-------+----------+-------------------------------------------
     0 | D:1      | Armakuni the Human Wanderer began the quest for the Orb.
     0 | D:1      | Armakuni set off with the following items: a +2 mace, a
                  | scroll of silence, a +0 helmet, a potion of lignification,
                  | a +0 robe
     0 | D:1      | Reached XP level 1. HP: 15/15 MP: 1/1
   109 | D:1      | Reached XP level 2. HP: 17/22 MP: 2/2
   559 | D:1      | Found a faded altar of an unknown god.
   679 | D:1      | Reached XP level 3. HP: 28/28 MP: 3/3
  1428 | D:1      | Reached XP level 4. HP: 19/36 MP: 4/4
  1806 | D:2      | Noticed a necrophage
  1832 | D:2      | Killed a necrophage
  1833 | D:2      | Reached skill level 5 in Fighting
  1833 | D:2      | Reached XP level 5. HP: 35/44 MP: 5/5
  1999 | D:2      | Reached XP level 6. HP: 46/51 MP: 6/6
  2717 | D:4      | Reached skill level 5 in Maces & Flails
  2925 | D:4      | Found a large runed translucent door.
  2925 | D:4      | Found a large runed translucent door.
  3225 | D:4      | Noticed an ogre
  3235 | D:4      | Killed an ogre
  3236 | D:4      | Reached skill level 1 in Evocations
  3236 | D:4      | Reached XP level 7. HP: 56/56 MP: 7/7
  3285 | D:4      | Noticed Ajdolov's ghost (amateur OgFE)
  3312 | D:4      | Found Deir Eddic's Neck Hole.
  3785 | D:5      | Entered Level 5 of the Dungeon
  3789 | D:5      | Found a sparkling altar of Nemelex Xobeh.
  3808 | D:5      | Found a radiant altar of Vehumet.
  4310 | D:5      | Reached XP level 8. HP: 40/62 MP: 8/8
  4833 | D:5      | Found a staircase to the Ecumenical Temple.
  4862 | Temple   | Entered the Ecumenical Temple
  4984 | Temple   | Became a worshipper of Elyvilon the Healer
  5192 | D:5      | Reached skill level 5 in Armour
  5694 | D:5      | Slain by a gnoll

Illustrated notes

Levels and vault maps discovered:
D:1:      nzn_arrival_depleted_hourglass, layout_loops_corners,
          basic_ecumenical_altar
D:2:      layout_rooms
D:3:      layout_rooms
D:4:      layout_basic, ebering_ghost_disaster_area,
          nicolae_shop_sticking_my_neck_out
D:5:      layout_gridville, fiery_altar_vehumet, nemelex_spade_bored_becter,
          minmay_temple_entry_butterflies, kennysheep_small_circle
D:6:      layout_basic, uniq_edmund
Temple:   mainiacjoe_temple_coin_purse

Skill      XL: |  1  2  3  4  5  6  7  8 |
---------------+-------------------------+-----
Fighting       | 2 3 5 |  5.6
Maces & Flails | 5 |  5.0
Armour         | 2 4 5 |  5.0
Evocations     | 1 3 4 |  4.0
Dodging        | |  3.0
Unarmed Combat | |  1.0

Action                   |  1- 3 |  4- 6 |  7- 9 || total
-------------------------+-------+-------+-------++-------
Melee: Mace              |    97 |   114 |   164 ||   375
       Punch             |     2 |     1 |     6 ||     9
Throw: Throwing net      |       |       |     1 ||     1
Evoke: Wand              |       |     2 |     4 ||     6
  Use: Scroll            |     3 |     5 |     5 ||    13
       Potion            |       |       |     2 ||     2
 Stab: Sleeping          |     1 |       |       ||     1
       Paralysed         |       |     4 |     6 ||    10
       Held in net/web   |       |       |     3 ||     3
Armor: Robe              |     5 |       |       ||     5
       Ring mail         |    49 |    28 |    64 ||   141
Dodge: Dodged            |    70 |    66 |    92 ||   228
Block: Other             |    22 |    22 |    45 ||    89
       Reflection        |       |       |     1 ||     1

Table legend: (Time is in decaauts)
 A = Elapsed time spent in this place.
 B = Non-inter-level travel time spent in this place.
 C = Inter-level travel time spent in this place.
 D = Time resting spent in this place.
 E = Time spent auto-exploring this place.
 F = Levels seen in this place.
 G = Mean time per level.
                   A        B        C        D        E       F      G
               +--------+--------+--------+--------+--------+-----+--------+
         Total |   5772 |   5634 |    138 |    951 |   3565 |   7 |  824.6 |
       Dungeon |   5637 |   5511 |    126 |    951 |   3462 |   6 |  939.5 |
        Temple |    135 |    123 |     12 |      0 |    103 |   1 |  135.0 |
               +--------+--------+--------+--------+--------+-----+--------+

Top non-repeatable levels by time:
     D:1: 1591 daAuts
     D:5: 1513 daAuts
     D:4: 1389 daAuts
     D:2: 615 daAuts
     D:3: 525 daAuts
  Temple: 135 daAuts
     D:6: 1 daAuts
